 Dungeon Crawl Stone Soup version 0.31-a0-149-g3fdcc5976a (webtiles) character file.

Game seed: 18320978722613433185

1555984 Ge0ff the Barachian Child (level 27, 201/201 HPs)
             Began as a Barachi Delver on June 7, 2023.
             Was a Follower of Hepliaklqana.
             Escaped with the Orb
             ... and 3 runes on June 8, 2023!
             The game lasted 03:43:05 (80690 turns).

Ge0ff the Barachian Child (Barachi Delver)         Turns: 80690, Time: 03:43:06

Health: 201/201    AC: 44    Str: 21    XL:     27
Magic:  37/37      EV: 19    Int: 15    God:    Hepliaklqana [*.....]
Gold:   3440       SH: 20    Dex: 27    Spells: 36/56 levels left

rFire   + + .        a - +7 long sword of Odusch {heavy, rN+}
rCold   + . .        e - +4 kite shield
rNeg    + + .        w - +12 gold dragon scales
rPois   +            Y - +0 hat of Zin's Righteous Fury {*Corrode Dex+3 Slay+4}
rElec   +            L - +2 cloak {Will+}
rCorr   +            k - +2 pair of gloves {Str+3}
SInv    +            Q - +3 pair of seven-league boots {Rampage+∞}
Will    +++..        (no amulet)
Stlth   x              - ring "Nuzaodghezie" {+Blink rElec rCorr EV+5}
HPRegen 0.53/turn    G - ring "Voruujun" {rF+ rN+ Int+3 SInv}
MPRegen 0.25/turn

%: corrode self (3%), rampage+∞
@: studying 3 skills, slow
A: reduced essence, amphibious, slowness 1, strong legs 2, +LOS, antennae 1,
agile 1, low MP 1, noise suppression
0: Orb of Zot
}: 3/15 runes: barnacled, silver, gossamer
a: Hop, Renounce Religion, Evoke Blink, Recall Ancestor, Ancestor Identity


You escaped.
You worshipped Hepliaklqana.
Hepliaklqana was aware of your devotion.
You visited 11 branches of the dungeon, and saw 51 of its levels.
You also visited: Sewer, Bailey, Ice Cave, Volcano and Desolation.

You collected 10365 gold pieces.
You spent 6925 gold pieces at shops.

Inventory:

Hand Weapons
 a - the +7 long sword of Odusch (weapon) {heavy, rN+}
   (You bought it in a shop on level 5 of the Dungeon)

   rN:        It protects you from negative energy.
 b - the +4 dagger of the Insatiable Dreams {speed, rElec rPois rC+}
   (You found it in the Desolation of Salt)

   rC:        It protects you from cold.
   rElec:     It insulates you from electricity.
   rPois:     It protects you from poison.
Missiles
 g - a throwing net {=F}
 h - 7 silver javelins
 v - 13 curare-tipped darts {=F}
 A - 11 javelins (quivered)
Armour
 e - a +4 kite shield (worn)
 k - a +2 pair of gloves of strength (worn)
 w - +12 gold dragon scales (worn)
 L - a +2 cloak of willpower (worn)
 Q - the +3 pair of seven-league boots (worn) {Rampage+∞}
   (You found it on level 3 of the Elven Halls)

   Rampage+∞: When moving toward enemies, its wearer moves as far as possible,
   alerting their target en route.
 Y - the +0 hat of Zin's Righteous Fury (worn) {*Corrode Dex+3 Slay+4}
   (You acquired it in a bailey)

   Dex:       It affects your dexterity (+3).
   Slay:      It affects your accuracy & damage with ranged weapons and melee
   (+4).
   *Corrode:  It may corrode you when you take damage.
Jewellery
 c - the ring of Ytogh {rElec rPois rF+ Str+2}
   (You took it off an imperial myrmidon in the Desolation of Salt)

   [ring of poison resistance]

   Str:       It affects your strength (+2).
   rF:        It protects you from fire.
   rElec:     It insulates you from electricity.
   rPois:     It protects you from poison.
 f - an amulet of faith
 i - a ring of willpower
 x - the ring "Nuzaodghezie" (left hand) {+Blink rElec rCorr EV+5}
   (You took it off a deep elf master archer on level 3 of the Elven Halls)

   [ring of evasion]

   EV:        It affects your evasion (+5).
   rElec:     It insulates you from electricity.
   +Blink:    It lets you blink.
   rCorr:     It protects you from acid and corrosion.
 G - the ring "Voruujun" (right hand) {rF+ rN+ Int+3 SInv}
   (You took it off a deep elf high priest on level 3 of the Elven Halls)

   [ring of protection from fire]

   Int:       It affects your intelligence (+3).
   rF:        It protects you from fire.
   rN:        It protects you from negative energy.
   SInv:      It lets you see invisible.
 P - the macabre finger necklace {Finger+ rN+}
   (You found it on level 4 of the Spider Nest)

   [amulet of nothing]

   Finger+:   It enables you to equip an extra ring.
   rN:        It protects you from negative energy.
Wands
 d - a wand of digging (3)
 j - a wand of light (27)
 p - a wand of paralysis (52)
 r - a wand of roots (42)
 s - a wand of mindburst (40)
Scrolls
 m - 2 scrolls of magic mapping
 y - 7 scrolls of immolation
 B - 5 scrolls of blinking
 C - 9 scrolls of poison
 E - 4 scrolls of fear
 F - 4 scrolls of fog
 S - a scroll of butterflies
 T - 11 scrolls of teleportation
 V - 3 scrolls of vulnerability
Potions
 o - 6 potions of ambrosia
 q - 29 potions of curing
 u - 7 potions of mutation {!q}
 z - 4 potions of brilliance
 H - 5 potions of haste {!q}
 K - 6 potions of magic {!q}
 M - 15 potions of might
 R - 5 potions of resistance
 W - 12 potions of heal wounds {!q}
 X - 9 potions of enlightenment
 Z - 2 potions of berserk rage {!q}
Miscellaneous
 l - a lightning rod (3/4)
 n - a phial of floods
 t - a tin of tremorstones (inert)
 O - a sack of spiders (inert)
 U - a phantom mirror (inert)


   Skills:
 - Level 20.0 Fighting
 - Level 9.5(14.6) Short Blades
 - Level 19.0(20.0) Long Blades
 - Level 16.0 Throwing
 - Level 16.0 Armour
 + Level 16.9 Dodging
 - Level 5.0 Stealth
 - Level 16.0 Shields
 - Level 15.0 Spellcasting
 * Level 14.3 Conjurations
 + Level 13.4 Translocations
 * Level 14.3 Transmutations
 - Level 20.2 Invocations
 - Level 15.0 Evocations


You had 36 spell levels left.
You knew the following spells:

 Your Spells              Type           Power      Damage    Failure   Level
d - Iskenderun's Mystic   Conj/Tloc      52%        2d11      12%         4
g - Apportation           Tloc           100%       N/A       1%          1
p - Passage of Golubria   Tloc           51%        N/A       14%         4
B - Blink                 Tloc           100%       N/A       1%          2
C - Manifold Assault      Tloc           51%        N/A       14%         4
E - Irradiate             Conj/Tmut      26%        3d20      26%         5

Your spell library contained the following spells:

 Spells                   Type           Power      Damage    Failure   Level
 Beastly Appendage        Tmut           100%       N/A       1%          1
 Foxfire                  Conj/Fire      100%       2x1d9     19%         1
 Kiss of Death            Conj/Necr      100%       2d13      19%         1
 Blade Hands              Tmut           26%        N/A       26%         5
 Iskenderun's Battlesphe  Conj           53%        2d10      26%         5
 Hailstorm                Conj/Ice       32%        3d8       47%         3
 Spider Form              Tmut/Pois      32%        N/A       50%         3
 Portal Projectile        Hex/Tloc       62%        N/A       54%         3
 Vhi's Electric Charge    Tloc/Air       62%        N/A       54%         3
 Ignite Poison            Fire/Tmut/Pois 25%        N/A       82%         3
 Flame Wave               Conj/Fire      32%        2d9       87%         4
 Ice Form                 Ice/Tmut       32%        N/A       88%         4
 Petrify                  Tmut/Erth      32%        N/A       88%         4
 Dispersal                Tloc           25%        N/A       91%         6
 Necrotise                Necr           44%        1d6       98%         1
 Slow                     Hex            44%        N/A       98%         1
 Summon Small Mammal      Summ           44%        N/A       98%         1
 Call Imp                 Summ           22%        N/A       99%         2
 Cigotuvi's Dreadful Rot  Necr/Pois/Air  22%        N/A       99%         2
 Poisonous Vapours        Pois/Air       22%        N/A       99%         2
 Scorch                   Fire           22%        2d6       99%         2
 Sublimation of Blood     Necr           11%        N/A       99%         2
 Arcjolt                  Conj/Air       16%        1d26      99%         5
 Fireball                 Conj/Fire      16%        3d8       99%         5
 Summon Forest            Summ/Tloc      15%        N/A       99%         5
 Yara's Violent Unravell  Hex/Tmut       16%        3d8       99%         5
 Call Canine Familiar     Summ           11%        N/A       100%        3
 Confusing Touch          Hex            11%        N/A       100%        3
 Frozen Ramparts          Ice            22%        1d4       100%        3
 Inner Flame              Hex/Fire       11%        N/A       100%        3
 Ozocubu's Armour         Ice            11%        N/A       100%        3
 Tukima's Dance           Hex            11%        N/A       100%        3
 Vampiric Draining        Necr           11%        2d6       100%        3
 Anguish                  Hex/Necr       5%         N/A       100%        4
 Animate Armour           Summ/Erth      22%        N/A       100%        4
 Animate Dead             Necr           11%        N/A       100%        4
 Cause Fear               Hex            5%         N/A       100%        4
 Dispel Undead            Necr           11%        3d9       100%        4
 Leda's Liquefaction      Hex/Erth       5%         N/A       100%        4
 Olgreb's Toxic Radiance  Pois           11%        N/A       100%        4
 Summon Ice Beast         Ice/Summ       11%        N/A       100%        4
 Agony                    Necr           11%        N/A       100%        5
 Freezing Cloud           Conj/Ice/Air   12%        6-21      100%        5
 Lee's Rapid Deconstruct  Erth           5%         3d6*      100%        5
 Metabolic Englaciation   Hex/Ice        5%         N/A       100%        5
 Summon Mana Viper        Hex/Summ       11%        N/A       100%        5
 Conjure Ball Lightning   Conj/Air       16%        3x3d6     100%        6
 Eringya's Noxious Bog    Tmut/Pois      16%        N/A       100%        6
 Leda's Unmaking          Conj/Erth      16%        9d3       100%        6
 Simulacrum               Ice/Necr       5%         N/A       100%        6
 Statue Form              Tmut/Erth      21%        N/A       100%        6
 Summon Cactus Giant      Summ           5%         N/A       100%        6
 Dragon Form              Tmut           26%        N/A       100%        7
 Enfeeble                 Hex            5%         N/A       100%        7
 Haunt                    Necr/Summ      5%         N/A       100%        7
 Malign Gateway           Summ/Tloc      15%        N/A       100%        7
 Monstrous Menagerie      Summ           5%         N/A       100%        7
 Orb of Destruction       Conj           26%        9d9       100%        7
 Ozocubu's Refrigeration  Ice            5%         4d8       100%        7
 Spellforged Servitor     Conj/Summ      16%        N/A       100%        7
 Storm Form               Tmut/Air       16%        N/A       100%        7
 Summon Hydra             Summ           5%         N/A       100%        7
 Discord                  Hex            5%         N/A       100%        8
 Disjunction              Tloc           25%        N/A       100%        8
 Ignition                 Fire           5%         3d4       100%        8
 Infestation              Necr           5%         N/A       100%        8
 Maxwell's Capacitive Co  Air            5%         ∞         100%        8
 Summon Horrible Things   Summ           5%         N/A       100%        8
 Fire Storm               Conj/Fire      16%        8d4       100%        9
 Polar Vortex             Ice            5%         N/A       100%        9


Dungeon Overview and Level Annotations

Branches:
Dungeon (15/15)            Temple (1/1) D:7            Lair (5/5) D:11
 Shoals (4/4) Lair:3       Spider (4/4) Lair:2        Slime (0/5) Lair:5
    Orc (2/2) D:9             Elf (3/3) Orc:2        Vaults (5/5) D:14
  Crypt (3/3) Vaults:3       Tomb (0/3) Crypt:3      Depths (4/4) D:15
    Zot (5/5) Depths:4      Sewer (visited)          Bailey (visited)
  IceCv (visited)         Volcano (visited)         Desolation (visited)

Altars:
Ashenzari
Cheibriados
Dithmenos
Elyvilon
Fedhas
Gozag
Hepliaklqana
Kikubaaqudgha
Makhleb
Nemelex Xobeh
Okawaru
Qazlal
Ru
Sif Muna
Trog
Uskayaw
Vehumet
Wu Jian
Xom
Yredelemnul
Zin
The Shining One
Jiyva

Shops:
D:5 ((![   D:9 ?   Orc:1 (   Orc:2 (=:?   Elf:2 ?*[*   Elf:3 =   Vaults:3 ?
Depths:3 [

Portals:
Hell: Depths:1 Depths:2 Depths:3 Depths:4
Abyss: Depths:2 Depths:3 Depths:4
Pandemonium: Depths:2 Depths:3 Depths:4
Ziggurat: Depths:1


Innate Abilities, Weirdness & Mutations

Your life essence is reduced to manifest your ancestor. (-10% HP)
You are amphibious.
You cover ground slowly.
You can hop long distances.
You have an extended range of vision and can be seen from far away.
You have a pair of small antennae on your head.
You are agile. (Dex +4, Str/Int -1)
Your magical capacity is low. (-10% MP)
You passively dampen the noise of your surroundings.


Message History

The bolt of magma hits the tormentor!!
The tormentor partially resists.
The tormentor dies!
There is a stone staircase leading up here.
You can't go up here!
There is a stone staircase leading up here.
You climb upwards.
There is a stone staircase leading down here.
Aiming: Dig
Press: ? - help, Shift-Dir - straight line A rock wall.
This square is covered in magical glow.
The rock shatters into small pieces.
Frogcestor is no longer moving quickly.
Okay, then.
You remove your ring of willpower.
Okay, then.
You start removing your amulet.
You continue taking off the macabre finger necklace {Finger+ rN+}. x4
You finish taking off the macabre finger necklace {Finger+ rN+}.
Really put on
f - an amulet of faith?
You start putting on your amulet.
You continue putting on your amulet of faith. x5
You finish putting on your amulet of faith.
You feel a surge of divine interest.
f - an amulet of faith (around neck)
Okay, then.
Really remove
f - an amulet of faith?
You start removing your amulet.
You continue taking off your amulet of faith. x4
You finish taking off your amulet of faith.
Hepliaklqana seems less interested in you.
You feel less pious.
You can no longer swap creatures with your ancestor.
Really put on
f - an amulet of faith?
You start putting on your amulet.
You continue putting on your amulet of faith. x5
You finish putting on your amulet of faith.
You feel a surge of divine interest.
f - an amulet of faith (around neck) Really remove
f - an amulet of faith?
You start removing your amulet.
You continue taking off your amulet of faith. x4
You finish taking off your amulet of faith.
Hepliaklqana seems less interested in you.
You feel less pious.
An Orb Guardian comes into view.
There is a staircase leading out of the dungeon here.
Frogcestor casts a spell.
Frogcestor seems to speed up.
You have escaped!

#######################
##≈§≈≈≈≈§§§≈≈≈≈≈≈≈≈≈≈##
##≈≈≈≈≈≈~§§§~§~~§≈≈≈§≈≈#
#§§§~§§~§§§§~~§§~§§§§§§#
##§§§§§~§....§.§~~~§§§§§##
###§§§§~..§....§....~§§~§§§##
###~~§§§...∩§♣..@X........§§§§##
#~~~§§§§§.).....R....∩......~§§##
.....§♣..∩....♣...♣.....∩...§.§§#
....∩......................∩..♣..
.♣...............................
.....♣........................∩..
................................#
.................................
.................................


You could see the friendly Frogcestor the battlemage (fast) and an Orb Guardian
(ally target).

Vanquished Creatures
  An orb of fire (Zot:5)
  Mennas (Crypt:2)
  A Killer Klown (Zot:3)
  5 golden dragons
  A doom hound (Zot:4)
  2 electric golems
  5 tentacled monstrosities
  2 titans (Vaults:5)
  2 deep elf master archers
  A walking earthen tome (Depths:2)
  2 deep elf blademasters (Elf:3)
  The ghost of rigao the Destroyer, an adept DgCj (Spider:4)
  6 Orb Guardians (Zot:5)
  An acid blob (Elf:3)
  A quicksilver dragon (Zot:1)
  3 death cobs
  3 krakens
  2 ancient champions
  A sphinx (Vaults:1)
  3 tengu reavers (Vaults:5)
  7 shadow dragons
  6 draconian monks
  A revenant (Crypt:3)
  An azure jelly (Elf:3)
  4 storm dragons
  3 imperial myrmidons (Desolation)
  Louise (Shoals:1)
  4 fire giants
  4 frost giants
  4 draconian knights
  5 emperor scorpions (Spider:4)
  A fire giant (shapeshifter) (Depths:2)
  5 vault wardens
  A draconian scorcher (Zot:5)
  An iron dragon (Vaults:5)
  3 deep elf sorcerers
  6 ghost moths
  The ghost of Reamiso the Earth Mage, a journeyman GrEE of Gozag (D:14)
  2 deep elf elementalists
  The ghost of Qejahyen the Protected, a journeyman AtMo of Yredelemnul (Lair:4)
  2 war gargoyles
  3 draconian shifters
  4 ghouls (Crypt:1)
  2 draconian annihilators
  A cacodemon (Zot:4)
  A draconian stormcaller (Zot:3)
  A reaper (D:10)
  An ironbound thunderhulk (Vaults:4)
  5 ironbound preservers
  3 broodmothers
  10 stone giants
  2 formless jellyfish (Vaults:4)
  18 very ugly things
  9 green draconians
  2 vampire knights (Crypt:2)
  9 yellow draconians
  3 deep elf annihilators
  A halazid warlock (Desolation)
  5 dire elephants
  4 spark wasps
  A bunyip (shapeshifter) (Vaults:5)
  7 red draconians
  4 black draconians
  A white draconian (Depths:4)
  Azrael (Spider:1)
  3 purple draconians
  A mummy priest (Crypt:3)
  2 deep elf death magi
  4 crystal guardians
  6 ettins
  5 yaktaur captains
  5 merfolk javelineers
  5 jiangshi
  Josephine (D:14)
  6 fire dragons
  An entropy weaver (Spider:3)
  An entropy weaver (shapeshifter) (D:14)
  2 deep elf high priests
  5 merfolk impalers
  5 great orbs of eyes
  2 ice dragons
  6 hydras
  3 rakshasas
  A servant of whispers (Desolation)
  4 catoblepae
  5 ragged hierophants
  13 vault guards
  8 peacekeepers
  An ironbound frostheart (Vaults:1)
  2 merfolk avatars
  2 boulder beetles
  2 merfolk aquamancers (Shoals:3)
  3 centaur warriors
  2 death knights (Crypt:1)
  Erica (D:8)
  2 radroaches (Spider:4)
  A satyr (Shoals:4)
  8 two-headed ogres
  A jorogumo (Spider:3)
  3 deep troll shamans
  5 vampire magi
  7 death yaks
  2 tengu warriors
  15 dancing weapons
  A hell hog (Zot:4)
  2 demonic crawlers (Spider:3)
  An orc high priest (Bailey)
  10 deep elf knights
  A spriggan berserker (Depths:2)
  3 pharaoh ants
  A sun moth (Spider:3)
  4 skysharks
  A shadow wraith (Crypt:3)
  3 iron trolls
  Amaemon (Lair:1)
  9 skeletal warriors
  2 glowing orange brains (shapeshifter)
  5 sea snakes
  20 deep trolls
  A sixfirhy (Zot:4)
  2 orb spiders
  A spectral hydra (Lair:4)
  A swamp dragon (Lair:1)
  5 ironbound convokers
  9 flayed ghosts
  A bog body (Crypt:1)
  2 orange crystal statues (D:11)
  5 phantasmal warriors
  12 lindwurms
  4 steelbarb worms
  6 wizards
  9 harpies
  4 deep elf archers
  20 ugly things
  4 orc knights
  10 deep elf zephyrmancers
  14 manticores
  12 deep elf pyromancers
  15 wolf spiders
  An oklob plant (Lair:4)
  6 orc sorcerers
  A salamander (Depths:1)
  5 cyclopes
  8 elephants
  A shining eye (shapeshifter) (Depths:3)
  A toenail golem (D:3)
  15 moths of wrath
  3 black mambas
  4 water nymphs
  A smoke demon (D:9)
  3 merfolk sirens
  2 eyes of devastation (Elf:3)
  3 ice statues (IceCv)
  A molten gargoyle (Desolation)
  3 guardian serpents (Desolation)
  A torpor snail (Spider:2)
  16 vault sentinels
  4 gargoyles
  Maggie (D:9)
  8 cane toads
  An efreet (D:15)
  3 freezing wraiths
  A kobold demonologist (Bailey)
  2 tengu conjurers (Depths:2)
  8 komodo dragons
  5 guardian mummies (Crypt:3)
  22 yaktaurs
  21 merfolk
  A red devil (Depths:4)
  6 trolls
  4 meliai
  A hydra skeleton (Crypt:1)
  3 polar bears
  25 saltlings (Desolation)
  4 wind drakes
  A wind drake (shapeshifter) (Depths:4)
  A harpy skeleton (Volcano)
  7 blink frogs
  A hornet (D:9)
  9 tarantellas
  8 snapping turtles
  A battlemage (Vaults:2)
  2 dream sheep (Lair:5)
  A raiju (shapeshifter) (Vaults:5)
  An ice dragon skeleton (Crypt:2)
  3 air elementals
  A centaur simulacrum (D:15)
  15 jumping spiders
  2 shadows (Crypt:3)
  7 wraiths
  8 culicivoras
  32 flying skulls
  18 slime creatures
  A spriggan (shapeshifter) (Vaults:2)
  A wyvern (Lair:5)
  6 water elementals
  20 yaks
  2 fire elementals (Spider:1)
  4 golden eyes (Elf:3)
  A chaos spawn (Depths:4)
  23 redbacks
  3 basilisks (D:11)
  2 spectral komodo dragons (Lair:4)
  5 vampire mosquitoes
  A steam dragon (D:9)
  A spectral cane toad (Lair:4)
  3 wargs
  Edmund (D:4)
  An acid dragon (D:8)
  11 water moccasins
  4 hydra simulacra
  A demonspawn skeleton (Crypt:1)
  A floating eye (Depths:2)
  12 black bears
  2 hell hounds (Spider:1)
  3 sky beasts
  A swamp drake (Lair:1)
  2 snapping turtle zombies (Crypt:2)
  3 ice beasts
  11 orc warriors
  A black mamba simulacrum (Lair:4)
  3 boggarts
  5 ogres
  5 wolves
  A blink frog skeleton (Crypt:1)
  16 centaurs
  4 phantoms
  4 kobold brigands
  2 small abominations (Crypt:3)
  A gnoll sergeant (D:5)
  11 bullfrogs
  A komodo dragon skeleton (Crypt:2)
  A two-headed ogre simulacrum (D:12)
  4 necrophages
  3 earth elementals
  A cane toad simulacrum (IceCv)
  8 wights
  2 troll zombies (D:9)
  18 killer bees
  2 elephant simulacra (IceCv)
  5 howler monkeys
  An electric eel (Bailey)
  A jelly (D:7)
  7 orc priests
  3 hounds (D:5)
  A sleepcap (D:5)
  4 iguanas
  Ijyb (D:5)
  17 orc wizards
  A polar bear simulacrum (IceCv)
  4 hell rats (Lair:4)
  A spriggan simulacrum (D:12)
  A wolf simulacrum (D:12)
  2 ogre zombies (D:9)
  2 naga skeletons (Volcano)
  6 gnolls
  7 adders
  3 river rats
  2 shadow imps
  4 white imps
  An ufetubus (D:5)
  7 worms
  A dart slug (D:2)
  45 orcs
  9 ball pythons
  3 bats
  10 endoplasms
  3 giant cockroaches
  9 goblins
  5 hobgoblins
  7 jackals (D:1)
  21 kobolds
  A quokka (D:4)
  5 frilled lizards
  A goblin skeleton (D:9)
  2 orc skeletons (D:9)
  5 orc zombies (D:9)
  3 rats
  9 tentacles
1309 creatures vanquished.

Vanquished Creatures (collateral kills)
  A pandemonium lord (D:10)
  2 ancient liches (Vaults:5)
  A dread lich (Zot:5)
  Khufu (Crypt:3)
  Parghit (Depths:3)
  Bai Suzhen (Crypt:2)
  A Killer Klown (Zot:5)
  9 golden dragons
  A profane servitor (Crypt:3)
  A bone dragon (Crypt:3)
  2 doom hounds (Zot:4)
  16 tentacled monstrosities
  4 liches
  14 Orb Guardians
  Grunn (Zot:4)
  A walking earthen tome (Depths:2)
  3 titans (Vaults:5)
  6 quicksilver dragons
  2 deep elf master archers (Elf:3)
  Polyphemus (Shoals:3)
  A kraken (Shoals:4)
  3 death cobs
  4 ancient champions
  A sphinx (Vaults:5)
  The ghost of vineage the Bludgeoner, an adept GrGl of Okawaru (Elf:2)
  6 storm dragons
  4 draconian monks
  Ilsuiw (Shoals:3)
  2 tengu reavers (Vaults:5)
  3 shadow dragons
  3 draconian knights
  Donald (Elf:2)
  2 rockslimes (Elf:2)
  3 fire giants
  5 deep elf sorcerers (Elf:3)
  4 frost giants
  2 draconian scorchers
  2 emperor scorpions (Spider:4)
  An iron dragon (Depths:1)
  2 imperial myrmidons (Desolation)
  A spectral caustic shrike (Crypt:3)
  4 draconian shifters
  3 deep elf elementalists (Elf:3)
  An orc warlord (Vaults:2)
  10 vault wardens
  A formless jellyfish (Vaults:2)
  4 war gargoyles (Vaults:5)
  4 ghouls
  4 draconian annihilators (Zot:1)
  13 ironbound preservers
  A draconian stormcaller (Zot:1)
  A cacodemon (Depths:4)
  A quicksilver ooze (shapeshifter) (Vaults:5)
  13 very ugly things
  2 vampire knights
  8 stone giants
  3 deep elf demonologists
  9 ironbound thunderhulks
  A green draconian (Zot:5)
  6 deep elf annihilators
  7 purple draconians
  A lorocyproca (Depths:4)
  6 dire elephants
  6 yellow draconians
  6 black draconians
  4 white draconians
  7 red draconians
  3 spark wasps
  An iron golem (Depths:3)
  8 ettins
  The ghost of t4s4d4r the Basher, a journeyman DgFi (D:12)
  An eidolon (Crypt:2)
  2 crystal guardians
  A merfolk javelineer (Shoals:4)
  A mummy priest (Crypt:3)
  5 deep elf death magi
  An ettin (shapeshifter) (Vaults:5)
  5 merfolk impalers
  2 fire dragons
  22 vault guards
  4 deep elf high priests
  5 servants of whispers
  11 jiangshi
  2 entropy weavers
  7 ice dragons
  Erolcha (Orc:2)
  3 great orbs of eyes
  4 hydras
  7 yaktaur captains
  2 ogre magi
  A spriggan air mage (Depths:3)
  A spriggan zombie (Crypt:1)
  A rakshasa (Depths:2)
  A peacekeeper (Desolation)
  3 ragged hierophants (Desolation)
  8 centaur warriors
  2 radroaches
  An alligator snapping turtle (Shoals:4)
  3 merfolk avatars
  7 death knights
  3 ironbound frosthearts (Vaults:2)
  10 dancing weapons
  A boulder beetle (Spider:2)
  3 death yaks
  2 merfolk aquamancers
  A two-headed ogre (Orc:2)
  4 deep troll earth magi
  4 deep troll shamans
  A demonic crawler (Spider:3)
  A tengu warrior (Depths:2)
  2 vampire magi (Crypt:1)
  An orc high priest (Elf:1)
  2 spriggan berserkers
  2 hell hogs (Zot:4)
  2 hell knights
  2 soul eaters (Crypt:1)
  4 deep elf knights
  An iron troll (Depths:2)
  3 shadow wraiths (Crypt:3)
  A titan skeleton (Crypt:1)
  4 pharaoh ants
  17 skeletal warriors
  A fire crab (shapeshifter) (Vaults:5)
  5 skysharks
  2 sixfirhies (Zot:4)
  A sun moth (Spider:3)
  4 flayed ghosts
  22 deep trolls
  An orb spider (shapeshifter) (Elf:1)
  2 glowing orange brains
  5 orb spiders
  A bog body (D:12)
  8 sea snakes
  7 lindwurms
  2 orange crystal statues (D:11)
  A deep elf archer (Elf:1)
  8 ironbound convokers
  4 phantasmal warriors
  9 deep elf zephyrmancers
  5 wizards
  6 harpies
  A mana viper (shapeshifter) (Vaults:5)
  3 necromancers
  3 orc sorcerers (Orc:2)
  An oklob plant (Lair:4)
  An anaconda skeleton (Crypt:3)
  7 steelbarb worms
  13 ugly things
  7 deep elf pyromancers
  12 manticores
  7 cyclopes
  7 wolf spiders
  17 moths of wrath
  A dire elephant zombie (Crypt:3)
  5 elephants
  3 guardian serpents (Desolation)
  A frost giant skeleton (Crypt:1)
  6 merfolk sirens
  5 water nymphs
  10 vault sentinels
  A smoke demon (D:10)
  2 gargoyles
  A centaur skeleton (Crypt:1)
  An orange demon (Lair:2)
  A torpor snail (Spider:3)
  5 cane toads
  A yaktaur (shapeshifter) (Vaults:5)
  2 efreet (D:14)
  3 rime drakes
  An unseen horror (D:12)
  A catoblepas zombie (Crypt:1)
  A tormentor (D:2)
  18 yaktaurs
  6 freezing wraiths
  A komodo dragon (shapeshifter) (Vaults:2)
  2 komodo dragons
  A tengu conjurer (Depths:1)
  2 guardian mummies (Crypt:3)
  2 ice devils (D:12)
  A red devil (D:2)
  3 trolls
  5 meliai
  11 merfolk
  Prince Ribbit (D:9)
  A blink frog (shapeshifter) (D:15)
  4 wind drakes (Shoals:4)
  12 tarantellas
  28 saltlings
  5 blink frogs
  7 snapping turtles
  A harpy skeleton (Volcano)
  4 dream sheep
  14 jumping spiders
  18 slime creatures
  11 culicivoras
  2 wyverns
  A culicivora (shapeshifter) (Vaults:5)
  2 air elementals
  A black mamba zombie (Crypt:1)
  A shadow (D:9)
  24 flying skulls
  6 water elementals
  5 wraiths
  15 yaks
  A fire elemental (Spider:1)
  A ynoxinul (D:10)
  2 chaos spawn (Depths:4)
  2 small abominations (Crypt:3)
  19 redbacks
  3 vampire mosquitoes
  A hydra simulacrum (Crypt:1)
  A warg (Orc:2)
  2 death yak simulacra
  2 acid dragons (D:11)
  6 water moccasins
  A hell hound (Spider:1)
  An elephant zombie (Crypt:2)
  7 orc warriors
  7 black bears
  An ice dragon simulacrum (Crypt:1)
  2 boggarts (Vaults:1)
  2 wolves
  A phantom (D:9)
  A yaktaur zombie (Crypt:2)
  5 bullfrogs
  2 necrophages (Crypt:3)
  An earth elemental (Elf:1)
  A wight (D:8)
  3 killer bees
  A queen bee zombie (Crypt:2)
  A howler monkey (D:13)
  2 electric eels (Bailey)
  2 orc priests
  12 orc wizards
  A hell rat (Lair:4)
  An ice beast zombie (Crypt:1)
  2 ogre zombies (D:9)
  A naga skeleton (Volcano)
  7 gnolls
  20 orcs
  11 goblins
  3 hobgoblins (Bailey)
  A goblin skeleton (D:9)
  A goblin zombie (D:9)
  3 hobgoblin skeletons (D:9)
  A kobold (D:9)
  2 orc skeletons (D:9)
  4 orc zombies (D:9)
  5 tentacles
1040 creatures vanquished.

Vanquished Creatures (others)
  A kraken (Shoals:2)
  A fire dragon (D:14)
  A merfolk aquamancer (Shoals:4)
  A deep elf knight (Elf:2)
  2 deep elf zephyrmancers (Elf:1)
  A hellion (Zot:2)
  A merfolk (Shoals:4)
  An ancestor (D:9)
  94 battlemagi
  3 orcs (Orc:2)
  17 tentacles
123 creatures vanquished.

Grand Total: 2472 creatures vanquished

Notes
Turn   | Place    | Note
-------+----------+-------------------------------------------
     0 | D:5      | Ge0ff the Barachi Delver began the quest for the Orb.
     0 | D:5      | Reached XP level 1. HP: 18/18 MP: 1/1
    27 | D:5      | Noticed a hound
    35 | D:5      | Reached XP level 2. HP: 23/25 MP: 2/2
   136 | D:3      | Found a stormy altar of Qazlal.
   137 | D:3      | Found a bloodstained altar of Trog.
   248 | D:3      | Reached XP level 3. HP: 13/30 MP: 3/3
  1047 | D:2      | Reached skill level 5 in Stealth
  1119 | D:2      | Reached XP level 4. HP: 37/37 MP: 4/4
  1133 | D:2      | Reached skill level 1 in Short Blades
  2182 | D:3      | Found a glowing silver altar of Zin.
  2357 | D:3      | Reached skill level 1 in Armour
  2491 | D:3      | Reached XP level 5. HP: 42/42 MP: 5/5
  3063 | D:4      | Noticed a phantom
  3086 | D:4      | Killed a phantom
  3087 | D:4      | Reached XP level 6. HP: 29/49 MP: 6/6
  3177 | D:4      | Reached skill level 5 in Fighting
  3520 | D:4      | Noticed a black bear
  3657 | D:4      | Noticed Edmund
  3681 | D:4      | Killed a black bear
  3709 | D:4      | Reached XP level 7. HP: 35/56 MP: 7/7
  4502 | D:5      | Found Gicufat's Weapon Emporium.
  4714 | D:5      | Found Coqel's Weapon Boutique.
  4770 | D:5      | Found Jom Haude's Antique Armour Shop.
  4775 | D:5      | Bought a bronze ring mail for 225 gold pieces
  4775 | D:5      | Identified the +1 ring mail of Jigsaw {rF+ Dex+2} (You
                  | bought it in a shop on level 5 of the Dungeon)
  4810 | D:5      | Found Debaos's Distillery.
  4901 | D:5      | Reached skill level 1 in Evocations
  4901 | D:5      | Reached XP level 8. HP: 66/67 MP: 8/8
  5071 | D:5      | Bought a potion of heal wounds for 55 gold pieces
  5269 | D:5      | Found Isaur's Distillery.
  5306 | D:5      | Noticed Ijyb
  5310 | D:5      | Killed Ijyb
  5433 | D:6      | Found a shadowy altar of Dithmenos.
  5534 | D:6      | Found a shimmering altar of Xom.
  5557 | D:6      | Found a glowing drain.
  5566 | Sewer    | Entered a sewer
  5699 | Sewer    | Reached skill level 5 in Short Blades
  6944 | D:6      | Reached skill level 5 in Armour
  7157 | D:6      | Reached XP level 9. HP: 72/72 MP: 9/9
  7275 | D:4      | Killed Edmund
  7452 | D:7      | Found a sacrificial altar of Ru.
  8537 | D:7      | Reached skill level 1 in Throwing
  8614 | D:7      | Found a broken altar of Ashenzari.
  8713 | D:7      | Found a staircase to the Ecumenical Temple.
  8729 | Temple   | Entered the Ecumenical Temple
  8849 | Temple   | Became a worshipper of Hepliaklqana the Forgotten
 10061 | D:8      | Reached XP level 10. HP: 27/83 MP: 10/10
 10311 | D:8      | Identified a scroll of acquirement
 10311 | D:8      | Acquired a +2 pair of gloves of stealth
 10705 | D:8      | Noticed Erica
 10772 | D:8      | Reached skill level 1 in Shields
 10809 | D:8      | Acquired 756 gold pieces
 10816 | D:8      | Reached * piety under Hepliaklqana
 10905 | D:8      | Found a glowing golden altar of the Shining One.
 10989 | D:8      | Killed Erica
 10990 | D:8      | Reached skill level 10 in Fighting
 11398 | D:5      | Bought the +7 long sword of Odusch {heavy, rN+} for 682
                  | gold pieces
 11558 | D:8      | Reached skill level 5 in Long Blades
 12605 | D:8      | Found a glowing golden altar of the Shining One.
 12814 | D:9      | Reached skill level 5 in Shields
 12910 | D:9      | Found Ecvav's Magic Scroll Shop.
 12915 | D:9      | Bought 2 scrolls of identify for 48 gold pieces
 12915 | D:9      | Bought a scroll of teleportation for 36 gold pieces
 12915 | D:9      | Bought a scroll of teleportation for 36 gold pieces
 12915 | D:9      | Bought a scroll of identify for 24 gold pieces
 12915 | D:9      | Bought a scroll of identify for 24 gold pieces
 12915 | D:9      | Bought a scroll of identify for 24 gold pieces
 12960 | D:9      | Found a white marble altar of Elyvilon.
 13007 | D:9      | Reached ** piety under Hepliaklqana
 13008 | D:9      | Remembered your ancestor Frogcestor as a battlemage
 13027 | D:9      | Noticed Prince Ribbit
 13040 | D:9      | Found a flagged portal.
 13052 | Bailey   | Entered a bailey
 13107 | Bailey   | Noticed an orc high priest
 13338 | Bailey   | Noticed a sixfirhy
 13339 | Bailey   | Killed an orc high priest
 13346 | Bailey   | Acquired the +0 hat of Zin's Righteous Fury {*Corrode Dex+3
                  | Slay+4}
 13394 | Bailey   | Reached XP level 11. HP: 81/81 MP: 11/11
 13504 | Bailey   | Found an iron altar of Okawaru.
 13676 | Bailey   | Reached skill level 10 in Long Blades
 13785 | D:9      | Killed Prince Ribbit
 14060 | D:9      | Noticed Maggie
 14078 | D:9      | Killed Maggie
 14354 | D:9      | Found a staircase to the Orcish Mines.
 14624 | D:9      | Learned a level 1 spell: Apportation
 14658 | D:10     | Entered Level 10 of the Dungeon
 14692 | D:10     | Identified the +8 chain mail of Wuihuaf {rElec rF+}
 14831 | D:10     | Noticed a two-headed ogre
 14841 | D:10     | Killed a two-headed ogre
 15056 | D:10     | Reached *** piety under Hepliaklqana
 15560 | D:10     | Reached skill level 5 in Evocations
 15796 | D:11     | Found a runed translucent door.
 15801 | D:11     | Found a frozen archway.
 15803 | D:11     | Noticed a manticore
 15811 | D:11     | Killed a manticore
 15825 | IceCv    | Entered an ice cave
 15861 | IceCv    | Noticed a white ugly thing
 15884 | IceCv    | Killed a white ugly thing
 16229 | IceCv    | Reached XP level 12. HP: 75/90 MP: 12/12
 16519 | IceCv    | Identified the ring "Haddeufi" {Ice rN+}
 16560 | D:11     | Found the +10 tower shield of Ignorance {rN+ Int-4}
 16600 | D:11     | Noticed a two-headed ogre
 16609 | D:11     | Killed a two-headed ogre
 16690 | D:11     | Reached skill level 1 in Translocations
 16693 | D:11     | Reached skill level 1 in Spellcasting
 17145 | D:11     | Found a runed translucent door.
 17274 | D:11     | Found a staircase to the Lair.
 17582 | Lair:1   | Entered Level 1 of the Lair of Beasts
 17756 | Lair:1   | Noticed a five-headed hydra
 17781 | Lair:1   | Killed a one-headed hydra
 18061 | Lair:1   | Learned a level 5 spell: Irradiate
 18064 | Lair:1   | Learned a level 2 spell: Blink
 18089 | Lair:1   | Reached **** piety under Hepliaklqana
 18234 | Lair:2   | Noticed Amaemon
 18238 | Lair:2   | Noticed a seven-headed hydra
 18249 | Lair:1   | Killed Amaemon
 18582 | Lair:1   | Killed a four-headed hydra
 18583 | Lair:1   | Gained mutation: You can hop long distances. [Barachi
                  | growth]
 18583 | Lair:1   | Reached XP level 13. HP: 68/99 MP: 17/17
 18946 | Lair:2   | Reached skill level 5 in Translocations
 19229 | Lair:2   | Found a hole to the Spider Nest.
 19405 | Lair:3   | Reached skill level 10 in Armour
 20108 | Lair:3   | Found a staircase to the Shoals.
 20402 | Lair:4   | Found a dark tunnel.
 20412 | Volcano  | Entered a volcano
 20608 | Volcano  | Reached ***** piety under Hepliaklqana
 21079 | Lair:4   | Reached skill level 5 in Dodging
 21080 | Lair:4   | Identified the +7 sling of the Brewing Gods {heavy, Str+2}
 21223 | Lair:4   | Reached XP level 14. HP: 108/108 MP: 18/18
 21389 | Lair:4   | Identified the +0 robe of Arelib {rElec rC+}
 21401 | Lair:4   | Found a runed translucent gate.
 21401 | Lair:4   | Found a runed translucent gate.
 21401 | Lair:4   | Found a runed translucent gate.
 21403 | Lair:4   | Noticed Qejahyen's ghost (journeyman AtMo)
 21509 | Lair:4   | Reached skill level 1 in Invocations
 21844 | Lair:5   | Entered Level 5 of the Lair of Beasts
 22146 | Lair:5   | Found a staircase to the Slime Pits.
 22191 | Lair:5   | Reached skill level 5 in Invocations
 23702 | Orc:1    | Entered Level 1 of the Orcish Mines
 24002 | Orc:2    | Entered Level 2 of the Orcish Mines
 24156 | Orc:2    | Found a staircase to the Elven Halls.
 24193 | Orc:1    | Found Kokhlyt's Weapon Shop.
 24783 | Orc:2    | Reached XP level 15. HP: 80/114 MP: 21/21
 25003 | Orc:2    | Paralysed by an orc sorcerer for 5 turns
 25005 | Orc:2    | Reached skill level 10 in Shields
 25013 | Orc:2    | Found Liotiynk's Antique Weapon Emporium.
 25059 | Orc:2    | Found an ancient bone altar of Kikubaaqudgha.
 25089 | Orc:2    | Found Gafuen's Jewellery Emporium.
 25089 | Orc:2    | Noticed Erolcha
 25095 | Orc:2    | Killed Erolcha
 25095 | Orc:2    | Paralysed by an orc sorcerer for 5 turns
 25105 | Orc:2    | Found a radiant altar of Vehumet.
 25185 | Orc:2    | Found Iceijaej's Book Emporium.
 25185 | Orc:2    | Found Heac's Magic Scroll Shoppe.
 25248 | Orc:2    | Bought a scroll of butterflies for 64 gold pieces
 25248 | Orc:2    | Bought 3 scrolls of blinking for 360 gold pieces
 25627 | Lair:4   | Killed Qejahyen's ghost
 25666 | Lair:4   | Got the Volume of the Autopsy and Distance
 26011 | D:12     | Reached skill level 10 in Invocations
 26074 | D:12     | Reached skill level 15 in Fighting
 26198 | D:12     | Reached skill level 1 in Conjurations
 26198 | D:12     | Reached skill level 1 in Transmutations
 26404 | D:12     | Found a runed translucent door.
 26404 | D:12     | Found a shimmering altar of Xom.
 26404 | D:12     | Noticed t4s4d4r's ghost (journeyman DgFi)
 26415 | D:12     | Killed t4s4d4r's ghost
 27128 | D:13     | Reached skill level 5 in Throwing
 27413 | D:14     | Noticed Josephine
 27422 | D:14     | Killed Josephine
 27465 | D:14     | Identified the ring of Sovereignty {Fire +Blink Dex+2
                  | Stlth-}
 27622 | D:14     | Found a gate to the Vaults.
 28012 | D:14     | Reached XP level 16. HP: 109/122 MP: 23/23
 28214 | D:14     | Noticed Reamiso's ghost (journeyman GrEE)
 28223 | D:14     | Found a transporter.
 28240 | D:14     | Found a transporter.
 28251 | D:14     | Found an iron altar of Okawaru.
 29014 | D:15     | Entered Level 15 of the Dungeon
 29041 | D:15     | Identified the +1 ring mail of Indemnity {rC+}
 29729 | D:15     | Found a staircase to the Depths.
 30242 | Spider:1 | Entered Level 1 of the Spider Nest
 30442 | Spider:1 | Reached ****** piety under Hepliaklqana
 31410 | Spider:1 | Noticed Azrael
 31432 | Spider:1 | Killed Azrael
 31842 | Spider:2 | Learned a level 4 spell: Manifold Assault
 31847 | Spider:2 | Learned a level 4 spell: Iskenderun's Mystic Blast
 32061 | Spider:2 | Reached skill level 5 in Spellcasting
 33052 | Spider:3 | Reached XP level 17. HP: 129/129 MP: 25/25
 33166 | Spider:2 | You fall into a shaft and drop 1 floor!
 34855 | Spider:4 | Entered Level 4 of the Spider Nest
 35601 | Spider:4 | Found a runed translucent door.
 35614 | Spider:4 | Found a shimmering altar of Xom.
 35614 | Spider:4 | Noticed rigao's ghost (adept DgCj)
 35614 | Spider:4 | Identified the +4 dire flail "Beastbane" {chaos, *Corrode
                  | rF+ rC+}
 35617 | Spider:4 | Found the macabre finger necklace {Finger+ rN+}
 35826 | Spider:4 | Killed rigao's ghost
 37692 | Spider:4 | Got a gossamer rune of Zot
 37717 | Spider:4 | Identified the +0 hat of Hadjma {Harm rPois MP+9 Str+3}
 37857 | Spider:4 | Found a shimmering altar of Xom.
 38329 | Shoals:1 | Entered Level 1 of the Shoals
 38335 | Shoals:1 | Reached XP level 18. HP: 137/137 MP: 20/26
 38401 | Shoals:1 | Noticed Louise
 38412 | Shoals:1 | Killed Louise
 38419 | Shoals:1 | Reached skill level 15 in Long Blades
 38572 | Shoals:1 | Found a shimmering altar of Xom.
 38723 | Shoals:1 | Got the Spellbook of Contaminated Ensorcelling
 40006 | Shoals:2 | Reached skill level 15 in Shields
 40102 | Shoals:3 | Noticed Polyphemus
 40437 | Shoals:3 | Noticed Ilsuiw
 40439 | Shoals:3 | Reached skill level 10 in Evocations
 41964 | Shoals:3 | Killed Polyphemus
 42149 | Shoals:3 | Killed Ilsuiw
 42239 | Shoals:4 | Entered Level 4 of the Shoals
 42533 | Shoals:4 | Got a barnacled rune of Zot
 42552 | Shoals:4 | Reached XP level 19. HP: 143/144 MP: 27/27
 43119 | Shoals:4 | Identified the +5 quarterstaff "Zyter" {venom, Dex+3}
 45188 | D:14     | Reached skill level 10 in Dodging
 45317 | D:14     | Killed Reamiso's ghost
 45319 | D:14     | Identified the +0 cloak of Hairiness {Rampage Drain +Blink
                  | rElec}
 45626 | Elf:1    | Entered Level 1 of the Elven Halls
 46123 | Elf:1    | Found a runed translucent door.
 46232 | Elf:1    | Paralysed by an air elemental for 1 turns
 46643 | Elf:1    | Identified the +3 leather armour of Undesirable Species
                  | {Harm rF+ Str+3}
 46643 | Elf:1    | Identified the orb of Inviolability {light, rElec Int+3
                  | Stlth+}
 46679 | Elf:1    | Got the Atlas of the Familiar Fifth Circle
 46949 | Elf:1    | Paralysed by an air elemental for 1 turns
 47109 | Elf:2    | Found a runed translucent gate.
 47109 | Elf:2    | Found a runed translucent gate.
 47110 | Elf:2    | Found a runed translucent gate.
 47153 | Elf:2    | Found Xuajug's Assorted Antiques.
 47158 | Elf:2    | Bought a potion of might for 152 gold pieces
 47158 | Elf:2    | Bought a potion of ambrosia for 304 gold pieces
 47158 | Elf:2    | Bought a scroll of fog for 152 gold pieces
 47158 | Elf:2    | Bought a scroll of magic mapping for 285 gold pieces
 47158 | Elf:2    | Bought a scroll of vulnerability for 152 gold pieces
 47165 | Elf:2    | Found Ymestuy's Magic Scroll Shoppe.
 47170 | Elf:2    | Bought a scroll of teleportation for 39 gold pieces
 47170 | Elf:2    | Bought a scroll of fear for 52 gold pieces
 47170 | Elf:2    | Bought a scroll of magic mapping for 97 gold pieces
 47170 | Elf:2    | Bought a scroll of teleportation for 39 gold pieces
 47170 | Elf:2    | Bought a scroll of immolation for 52 gold pieces
 47209 | Elf:2    | Found Jetuniuro's Armour Shop.
 47399 | Elf:2    | Noticed Donald
 47662 | Elf:2    | Reached XP level 20. HP: 114/153 MP: 29/29
 47680 | Elf:2    | Reached skill level 10 in Throwing
 48163 | Elf:2    | Found Joylocal's General Store.
 48170 | Elf:2    | Bought a wand of roots (6) for 259 gold pieces
 48183 | Elf:2    | Killed Donald
 48344 | Elf:3    | Entered Level 3 of the Elven Halls
 48422 | Elf:3    | Found a runed translucent gate.
 48422 | Elf:3    | Found a runed translucent gate.
 48427 | Elf:3    | Found a runed translucent gate.
 48427 | Elf:3    | Noticed vineage's ghost (adept GrGl)
 48429 | Elf:3    | Found a viscous altar of Jiyva.
 48683 | Elf:2    | Killed vineage's ghost
 49274 | Elf:3    | Reached skill level 15 in Armour
 49491 | Elf:3    | Found Geefuwuck's Jewellery Boutique.
 50219 | Elf:3    | Identified the ring "Nuzaodghezie" {+Blink rElec rCorr
                  | EV+5}
 50385 | Elf:3    | Identified the +7 whip "Maygg" {protect, rElec rN++}
 50385 | Elf:3    | Identified the +5 fire dragon scales of Atehi {rElec rF++
                  | rC- rN++ Str+3 Dex+3}
 50385 | Elf:3    | Identified the ring "Voruujun" {rF+ rN+ Int+3 SInv}
 50495 | Elf:3    | Found the +3 pair of seven-league boots {Rampage+∞}
 50497 | Elf:3    | Identified the +3 spear of the Forging Shrike {vamp, SInv
                  | Stlth+}
 50545 | Elf:3    | Identified the staff of earth "Ydoputu" {rPois rC+}
 50547 | Elf:3    | Identified the +6 rapier of Xihoj {protect, rC+}
 50561 | Elf:3    | Identified the staff of fire "Fyephex" {rElec rF+ rC+
                  | Stlth+}
 50786 | Elf:3    | Learned a level 4 spell: Passage of Golubria
 51258 | Vaults:1 | Entered Level 1 of the Vaults
 51323 | Vaults:1 | Found a crumbling gateway.
 51332 | Desolati | Entered the Desolation of Salt
 51658 | Desolati | Reached XP level 21. HP: 106/160 MP: 34/34
 52453 | Desolati | Got the Vellum of Shifting Adjuration
 52464 | Desolati | Got the Commentary on Infected Combustion
 52471 | Desolati | Identified the ring of Ilops {+Blink Fly rPois Int+4 Dex-3}
 52537 | Desolati | Identified the +4 dagger of the Insatiable Dreams {speed,
                  | rElec rPois rC+}
 52576 | Desolati | Identified the ring of Ytogh {rElec rPois rF+ Str+2}
 53105 | Vaults:1 | Reached skill level 10 in Spellcasting
 53245 | Vaults:1 | You fall into a shaft and drop 1 floor!
 54172 | Vaults:2 | Reached skill level 5 in Transmutations
 54177 | Vaults:2 | Reached skill level 5 in Conjurations
 55859 | Vaults:3 | Reached XP level 22. HP: 169/169 MP: 36/36
 56426 | Vaults:3 | Found Qocsabb's Magic Scroll Boutique.
 56429 | Vaults:3 | Bought a scroll of blinking for 127 gold pieces
 56429 | Vaults:3 | Bought a scroll of blinking for 127 gold pieces
 56429 | Vaults:3 | Bought a scroll of butterflies for 68 gold pieces
 56429 | Vaults:3 | Bought a scroll of poison for 68 gold pieces
 56578 | Vaults:3 | Identified the +4 scale mail of Pessimism {*Corrode rC+++
                  | Dex+2}
 56752 | Vaults:3 | Found a staircase to the Crypt.
 56752 | Vaults:3 | Found a basalt altar of Yredelemnul.
 56753 | Vaults:3 | Found an ancient bone altar of Kikubaaqudgha.
 58449 | Crypt:1  | Entered Level 1 of the Crypt
 58942 | Crypt:1  | Got the Exposition on Unified Shaping
 59549 | Crypt:2  | Reached skill level 15 in Dodging
 59574 | Crypt:2  | Noticed Mennas
 59591 | Crypt:2  | Killed Mennas
 59592 | Crypt:2  | Reached XP level 23. HP: 107/176 MP: 38/38
 60059 | Crypt:2  | Acquired 1194 gold pieces
 60215 | Crypt:2  | Noticed Bai Suzhen
 60222 | Crypt:2  | Killed Bai Suzhen
 60637 | Crypt:3  | Entered Level 3 of the Crypt
 60935 | Crypt:3  | Found a basalt altar of Yredelemnul.
 61481 | Crypt:3  | Noticed Khufu
 61531 | Crypt:3  | Killed Khufu
 61999 | Crypt:3  | Found a staircase to the Tomb.
 62106 | Crypt:3  | Got the Discourse on Corpses
 62559 | Depths:1 | Entered Level 1 of the Depths
 62610 | Depths:1 | Found a one-way gateway to a ziggurat.
 63105 | Depths:1 | You fall into a shaft and drop 1 floor!
 63151 | Depths:2 | Found a gateway to Hell.
 63217 | Depths:2 | Reached XP level 24. HP: 183/183 MP: 40/40
 63240 | Depths:2 | Found a one-way gate to the infinite horrors of the Abyss.
 63268 | Depths:2 | Identified the +8 spear of Cocytus {freeze, Dex+5}
 63314 | Depths:2 | Found a one-way gate leading to the halls of Pandemonium.
 64132 | Depths:2 | Reached skill level 15 in Evocations
 64136 | Depths:2 | Reached skill level 15 in Invocations
 64303 | Depths:2 | Identified the staff of air "Heenkyoghe" {rElec rF++}
 64756 | Depths:3 | Found Cesycaic's Armour Shop.
 64958 | Depths:3 | Reached skill level 10 in Transmutations
 65018 | Depths:3 | Reached skill level 10 in Conjurations
 65034 | Depths:3 | Gained mutation: Your spells are a little easier to cast,
                  | but a little less powerful. [a shining eye]
 65037 | Depths:3 | Gained mutation: You sometimes lose your temper in combat.
                  | [a shining eye]
 65169 | Depths:3 | Lost mutation: Your spells are a little easier to cast, but
                  | a little less powerful. [potion of mutation]
 65169 | Depths:3 | Lost mutation: You sometimes lose your temper in combat.
                  | [potion of mutation]
 65169 | Depths:3 | Gained mutation: You sometimes lose your temper in combat.
                  | [potion of mutation]
 65169 | Depths:3 | Gained mutation: You are weak. (Str -2) [potion of
                  | mutation]
 65169 | Depths:3 | Gained mutation: You have large cloven feet. [potion of
                  | mutation]
 65169 | Depths:3 | Gained mutation: You expend magic power (3 MP) to
                  | strengthen your wands. [potion of mutation]
 65170 | Depths:3 | Lost mutation: You sometimes lose your temper in combat.
                  | [potion of mutation]
 65170 | Depths:3 | Lost mutation: You are weak. (Str -2) [potion of mutation]
 65170 | Depths:3 | Lost mutation: You have large cloven feet. [potion of
                  | mutation]
 65170 | Depths:3 | Gained mutation: You are frail. (-10% HP) [potion of
                  | mutation]
 65170 | Depths:3 | Gained mutation: Your flesh is cold resistant. (rC+)
                  | [potion of mutation]
 65170 | Depths:3 | Gained mutation: You have a pair of small antennae on your
                  | head. [potion of mutation]
 65171 | Depths:3 | Lost mutation: You are frail. (-10% HP) [potion of
                  | mutation]
 65171 | Depths:3 | Lost mutation: Your flesh is cold resistant. (rC+) [potion
                  | of mutation]
 65171 | Depths:3 | Lost mutation: You expend magic power (3 MP) to strengthen
                  | your wands. [potion of mutation]
 65231 | Depths:3 | Found a snail-covered altar of Cheibriados.
 65586 | Depths:3 | Noticed Parghit
 65595 | Depths:3 | Killed Parghit
 65596 | Depths:3 | Reached skill level 10 in Translocations
 66481 | Depths:4 | Entered Level 4 of the Depths
 66754 | Depths:4 | Reached skill level 15 in Spellcasting
 67575 | Depths:4 | Found a gate to the Realm of Zot.
 68123 | Vaults:5 | Entered Level 5 of the Vaults
 68153 | Vaults:5 | Reached XP level 25. HP: 187/189 MP: 42/42
 68562 | Vaults:5 | Acquired 788 gold pieces
 69166 | Vaults:5 | Identified the +5 halberd of a bazaar {venom, rC- Dex+6}
 69234 | Vaults:5 | Reached skill level 15 in Throwing
 69626 | Vaults:5 | Identified the +1 morningstar "Globulus" {heavy, Int+4
                  | Dex+4}
 69803 | Vaults:5 | Identified the +2 morningstar "Ohicekac" {speed, rElec rC-
                  | Will+}
 69807 | Vaults:5 | Got a silver rune of Zot
 69915 | Vaults:5 | Noticed an ancient lich
 69915 | Vaults:5 | Noticed an ancient lich
 69921 | Vaults:5 | Killed an ancient lich
 70481 | Vaults:5 | Killed an ancient lich
 70482 | Vaults:5 | Reached XP level 26. HP: 160/196 MP: 38/42
 70543 | Vaults:5 | Identified the +1 dagger of Fedhas, Scorching {heavy, rF+
                  | Str+2 SInv}
 70548 | Vaults:5 | Identified the +1 robe of Grace {Str+3}
 70552 | Vaults:5 | Identified the staff of conjuration "Raesh" {Str+2}
 70558 | Vaults:5 | Identified the amulet "Ysachuar" {Reflect rC+ SH+5}
 70563 | Vaults:5 | Identified the +0 leather armour "Suoklois" {rElec rC-
                  | Str+7 Dex-4}
 70573 | Vaults:5 | Identified the staff of fire "Zudem" {rF+ Str+3 Dex+2}
 71043 | D:5      | Bought heavily runed ice dragon scales for 1625 gold pieces
 71043 | D:5      | Identified the +5 ice dragon scales "Daxiod" {Rampage rF-
                  | rC++ rN++ Dex-3} (You bought it in a shop on level 5 of the
                  | Dungeon)
 71235 | Orc:2    | Bought a scroll of teleportation for 48 gold pieces
 71235 | Orc:2    | Bought a scroll of poison for 64 gold pieces
 71235 | Orc:2    | Bought a scroll of immolation for 64 gold pieces
 71419 | D:5      | Bought a potion of resistance for 110 gold pieces
 71419 | D:5      | Bought a potion of resistance for 110 gold pieces
 71419 | D:5      | Bought a potion of curing for 33 gold pieces
 71473 | D:5      | Bought a potion of resistance for 110 gold pieces
 71473 | D:5      | Bought a potion of might for 44 gold pieces
 71473 | D:5      | Bought 2 potions of might for 88 gold pieces
 71473 | D:5      | Bought a potion of mutation for 88 gold pieces
 71473 | D:5      | Bought a potion of enlightenment for 55 gold pieces
 71473 | D:5      | Bought a potion of heal wounds for 55 gold pieces
 71473 | D:5      | Bought a potion of enlightenment for 55 gold pieces
 71473 | D:5      | Bought a potion of invisibility for 88 gold pieces
 71881 | Zot:1    | Entered Level 1 of the Realm of Zot
 73837 | Elf:2    | Bought a scroll of enchant armour for 97 gold pieces
 74245 | Zot:2    | Found the +16 obsidian axe {drain, demonic, Mesm Drain Fly
                  | SInv}
 74247 | Zot:2    | You fall into a shaft and drop 1 floor!
 75434 | Orc:2    | Bought an amulet of faith for 640 gold pieces
 76123 | Zot:3    | Noticed a Killer Klown
 76150 | Zot:3    | Killed a Killer Klown
 77103 | Zot:4    | Reached XP level 27. HP: 201/201 MP: 42/42
 77125 | Zot:4    | Noticed Grunn
 77128 | Zot:4    | Killed Grunn
 77849 | Zot:5    | Entered Level 5 of the Realm of Zot
 78926 | Zot:5    | Noticed a dread lich
 78931 | Zot:5    | Killed a dread lich
 79257 | Zot:5    | Noticed an orb of fire
 79263 | Zot:5    | Killed an orb of fire
 79887 | Zot:5    | Noticed an orb of fire
 79887 | Zot:5    | Noticed an orb of fire
 79888 | Zot:5    | Noticed an orb of fire
 79889 | Zot:5    | Noticed an orb of fire
 79891 | Zot:5    | Noticed an orb of fire
 79891 | Zot:5    | Noticed an orb of fire
 79891 | Zot:5    | Gained mutation: You are frail. (-10% HP) [an orb of fire]
 79891 | Zot:5    | Noticed a dread lich
 79898 | Zot:5    | Got the Orb of Zot
 80034 | Zot:3    | Lost mutation: You are frail. (-10% HP) [potion of
                  | mutation]
 80034 | Zot:3    | Lost mutation: You have a pair of small antennae on your
                  | head. [potion of mutation]
 80034 | Zot:3    | Gained mutation: You have sharp fingernails. [potion of
                  | mutation]
 80034 | Zot:3    | Gained mutation: You are clumsy. (Dex -2) [potion of
                  | mutation]
 80034 | Zot:3    | Gained mutation: You passively map a small area around you.
                  | [potion of mutation]
 80035 | Zot:3    | Lost mutation: You passively map a small area around you.
                  | [potion of mutation]
 80035 | Zot:3    | Lost mutation: You have sharp fingernails. [potion of
                  | mutation]
 80035 | Zot:3    | Gained mutation: You are partially covered in iridescent
                  | scales. (AC +2) [potion of mutation]
 80035 | Zot:3    | Gained mutation: You are frail. (-10% HP) [potion of
                  | mutation]
 80036 | Zot:3    | Lost mutation: You are clumsy. (Dex -2) [potion of
                  | mutation]
 80036 | Zot:3    | Lost mutation: You are partially covered in iridescent
                  | scales. (AC +2) [potion of mutation]
 80036 | Zot:3    | Lost mutation: You are frail. (-10% HP) [potion of
                  | mutation]
 80036 | Zot:3    | Gained mutation: Your magical capacity is low. (-10% MP)
                  | [potion of mutation]
 80036 | Zot:3    | Gained mutation: Your body sometimes deteriorates upon
                  | taking damage. [potion of mutation]
 80036 | Zot:3    | Gained mutation: You passively map a small area around you.
                  | [potion of mutation]
 80036 | Zot:3    | Gained mutation: You are agile. (Dex +4, Str/Int -1)
                  | [potion of mutation]
 80037 | Zot:3    | Lost mutation: You passively map a small area around you.
                  | [potion of mutation]
 80037 | Zot:3    | Lost mutation: You are agile. (Dex +4, Str/Int -1) [potion
                  | of mutation]
 80037 | Zot:3    | Gained mutation: You are covered in fur. (AC +1) [potion of
                  | mutation]
 80038 | Zot:3    | Lost mutation: Your magical capacity is low. (-10% MP)
                  | [potion of mutation]
 80038 | Zot:3    | Lost mutation: You are covered in fur. (AC +1) [potion of
                  | mutation]
 80038 | Zot:3    | Lost mutation: Your body sometimes deteriorates upon taking
                  | damage. [potion of mutation]
 80038 | Zot:3    | Gained mutation: You passively dampen the noise of your
                  | surroundings. [potion of mutation]
 80038 | Zot:3    | Gained mutation: You are agile. (Dex +4, Str/Int -1)
                  | [potion of mutation]
 80038 | Zot:3    | Gained mutation: Your magical capacity is low. (-10% MP)
                  | [potion of mutation]
 80038 | Zot:3    | Gained mutation: You have a pair of small antennae on your
                  | head. [potion of mutation]
 80072 | Zot:2    | Noticed Vemerghon the pandemonium lord
 80300 | D:15     | Noticed Peir Hao the pandemonium lord
 80300 | D:15     | Noticed an ancient lich
 80334 | D:14     | Noticed Enewa the pandemonium lord
 80384 | D:11     | Noticed Wauc the pandemonium lord
 80401 | D:10     | Killed Wauc the pandemonium lord
 80690 | D:$      | Escaped with the Orb!

Illustrated notes

Levels and vault maps discovered:
D:1:      tekkud_arrival_beachfront_property, layout_loops_ring, serial_glass,
          glass_columns_b, glass_columns_a, glass_columns_a, glass_columns_b
D:2:      layout_loops_corners
D:3:      layout_basic, lemuel_round_altar,
          chequers_temple_overflow_statue_of_worship
D:4:      layout_basic, wad_floor_pattern_1, nicolae_elevator_lobby_plus,
          uniq_edmund
D:5:      layout_loops_ring, serial_shops, shop, kennysheep_mini_moat, shop,
          shop, nicolae_shop_trees, dk_vineyard_3, uniq_ijyb
D:6:      layout_layer_cave, mainiacjoe_overflow_alcove_4,
          mainiacjoe_overflow_brackets, portal_sewer_entry_b
D:7:      layout_loops_corners, mainiacjoe_overflow_24_doors,
          nicolae_ashenzari_skybound, minmay_temple_entry_mini_moons,
          hangedman_decor_growths
D:8:      layout_basic, nicolae_tso_swordbearing_angel, uniq_erica
D:9:      layout_irregular_city, lemuel_tele_altar, zombieorc1_lemuel,
          enter_bailey_7, serial_shops, nicolae_shop_rolling_square,
          uniq_maggie, uniq_prince_ribbit1
D:10:     layout_basic
D:11:     layout_roguey, erik_lair_dragon, portal_ice_cave_entry_pillars_1,
          chequers_guarded_unrand_ignorance
D:12:     dreamdust_isle_of_ice, layout_basic, ebering_ghost_xom
D:13:     layout_gridville
D:14:     layout_loops_corners, lightli_vaults_fourway_checkpoint,
          gammafunk_ghost_berserking_beasts, okawaru_gym_becter, uniq_josephine
D:15:     hangedman_depths_entry_try_elsewhere_first, layout_loops_ring,
          hangedman_decor_clover_reticule, hangedman_corner_corridor
Temple:   dshaligram_water_room_temple
Lair:1:   layout_roguey, pond, infiniplex_staircase_pool_2
Lair:2:   layout_misc_corridors, spider_nest_entry_webs, beast_lair_carwin_7,
          uniq_amaemon
Lair:3:   layout_long_grid, minmay_shoals_entry_hut, beast_lair_carwin_5,
          infiniplex_staircase_pool
Lair:4:   minmay_lair_oklob_chamber, layout_cave_pods,
          gammafunk_ghost_necromancy, enter_volcano_4
Lair:5:   grunt_lair_end_beastmaster, layout_big_grid, dpeg_slime_entry_enclosed
Shoals:1: layout_shoals, wheals_shoals_ruined_temple, uniq_louise
Shoals:2: layout_shoals, nicolae_shoals_circle_sea_wall, nicolae_shoals_gull_way
Shoals:3: layout_shoals, nicolae_splish_splash, uniq_polyphemus, uniq_ilsuiw
Shoals:4: shoals_end_hangedman, layout_shoals,
          nicolae_shoals_the_drawing_of_the_three
Spider:1: layout_chambers, uniq_azrael
Spider:2: layout_spider_delve, guppyfry_spider_mini_3,
          hangedman_spider_tarantella_strand
Spider:3: layout_spider_delve
Spider:4: grunt_spider_rune_circles, ebering_ghost_xom
Orc:1:    layout_caves, basic_altar, serial_shops,
          nicolae_shop_temple_entry_statues_fountains
Orc:2:    kennysheep_orc_mage_school, layout_caves,
          hellmonk_guarded_unrand_dark_maul
Elf:1:    layout_loops_corners, minmay_elf_sorcery, minivault_13
Elf:2:    nicolae_elf_blades_splatter_lattice [nooodl_blade_entry_preview],
          layout_geoelf_octagon, serial_shops, shop, shop, nicolae_square_shop,
          shop, minmay_strange_pillars, uniq_donald
Elf:3:    minmay_elf_hall_statues, layout_loops_ring, serial_shops,
          nicolae_shop_advertising_works [nicolae_subvault_shop_adworks],
          gammafunk_ghost_ooze
Vaults:1: portal_desolation_entry_salt, vaults_dpeg_diagonal,
          nicolae_vaults_cochlea, v_misc_1, v_misc_23, hangedman_vaults_stagger,
          nicolae_vaults_big_ls, nicolae_vaults_surprise_closet, v_misc_15,
          nicolae_vaults_hexular_roomagon, nicolae_vaults_trapezoid_3,
          v_rooms_1, nicolae_vaults_little_squares_4, layout_vaults_omnicross,
          serial_shops
Vaults:2: vaults_room_ringed_pool, nicolae_vaults_wine_cellar,
          nicolae_vaults_twisting_passages, vaults_mumra_chevron_long,
          nicolae_vaults_tangram_1, nicolae_vaults_corridor_and_loot_room,
          vaults_room_door_hall, v_misc_26, vaults_room_hallway,
          grunt_vaults_swirl, nicolae_vaults_house_1, nicolae_vaults_house_2,
          layout_vaults_big_room
Vaults:3: nicolae_vaults_shipping_containers_5,
          nicolae_vaults_diagonal_hallway_7, nicolae_vaults_two_Ls,
          nicolae_vaults_double_plus_3, nicolae_vaults_variable_pillar_hall,
          nicolae_vaults_circle_grid_a, v_misc_33, hangedman_vaults_unwind,
          nicolae_vaults_double_plus_1, hangedman_vaults_stream,
          hangedman_vaults_snaps, hangedman_vaults_capsules,
          ontoclasm_vaults_gateway, minmay_crypt_entry_necro_gods,
          nicolae_vaults_specimen_jars, layout_vaults_maze_snakey, serial_shops,
          nicolae_shop_rolled_up
Vaults:4: v_misc_23, ontoclasm_vaults_idyll, nicolae_vaults_turnstiles,
          vaults_dpeg_encased_lava, nicolae_vaults_closet_pinwheel_1,
          nicolae_vaults_ring_of_whatevers, v_misc_18, vaults_room_semicircle,
          vaults_room_stairs_pillars, nicolae_vaults_heart-shaped_vault,
          nicolae_vaults_surprise_closet, layout_vaults_omnigrid
Vaults:5
Crypt:1:  layout_misc_corridors
Crypt:2:  layout_basic, grunt_megastairs_5, uniq_mennas, uniq_bai_suzhen
Crypt:3:  grunt_crypt_end_deaths_head
Depths:1: layout_big_octagon, enter_ziggurat_b, nicolae_figureground_pulse,
          grunt_hell_entry_dis_mu, kennysheep_flooded_box
Depths:2: minmay_the_grid_triangle_9x9_rhombus_full_mashed
          [minmay_the_grid_triangle_9x9_from_above,
          minmay_the_grid_triangle_9x9_cache,
          minmay_the_grid_triangle_9x9_longest,
          minmay_the_grid_triangle_9x9_swiss_cheese,
          minmay_the_grid_triangle_9x9_sparse_checkered,
          minmay_the_grid_triangle_9x9_negative_grid,
          minmay_the_grid_triangle_9x9_dagger,
          minmay_the_grid_triangle_9x9_prize_center], layout_twisted_cross,
          hangedman_geh_valley, pan_entry, abyss_entry_crystal,
          infiniplex_staircase_zigzag_2
Depths:3: nicolae_cairo_tiling, layout_honeycomb, hell_entry,
          grunt_decor_resistance, serial_shops, nicolae_shop_rolling_square,
          abyss_entry, pan_entry, slow_altar_2,
          minmay_staircase_statues_hall_small, uniq_parghit
Depths:4: grunt_zot_entry_gee_three, layout_gridlike, nicolae_two_hexagons,
          rand_demon_pan_entry_1, abyss_entry, hell_entry
Zot:1:    layout_onion_interference, grunt_ministairs_10
Zot:2:    layout_basic, grunt_megastairs_4
Zot:3:    layout_basic, zot_minivault_1
Zot:4:    layout_basic, uniq_grunn
Zot:5:    layout_misc_corridors, st_stairs_5, grunt_ministairs_2

Skill      XL: |  1  2  3  4  5  6  7  8  9 10 11 12 13 14 15 16 17 18 19 20 21 22 23 24 25 26 27 |
---------------+----------------------------------------------------------------------------------+-----
Fighting       | 4 5 7 9 10 11 13 14 15 16 17 18 19 20 | 20.0
Long Blades    | 3 4 9 12 13 14 15 16 17 18 19 | 19.0
Stealth        | 5 |  5.0
Short Blades   | 1 2 4 7 9 |  9.5
Armour         | 1 3 4 5 6 7 9 10 11 12 13 14 15 16 | 16.0
Dodging        | 3 5 6 7 8 9 10 12 13 15 16 | 16.9
Evocations     | 1 3 4 5 7 8 9 10 11 12 13 14 15 | 15.0
Throwing       | 1 2 4 5 6 7 8 9 10 11 12 13 14 15 16 | 16.0
Shields        | 5 6 9 12 13 14 15 16 | 16.0
Translocations | 4 5 7 8 10 12 13 | 13.4
Spellcasting   | 3 4 5 6 9 10 11 13 15 | 15.0
Invocations    | 9 10 11 12 13 14 15 17 20 | 20.2
Conjurations   | 2 4 5 7 8 10 12 14 | 14.3
Transmutations | 2 4 5 7 8 10 12 14 | 14.3

Action                     |  1- 3 |  4- 6 |  7- 9 | 10-12 | 13-15 | 16-18 | 19-21 | 22-24 | 25-27 || total
---------------------------+-------+-------+-------+-------+-------+-------+-------+-------+-------++-------
  Melee: Falchion          |    57 |       |     5 |       |       |       |       |       |       ||    62
         Dagger            |    29 |   151 |   547 |   217 |       |     1 |       |       |       ||   945
         Punch             |       |     1 |    10 |       |       |       |       |       |       ||    11
         Scimitar          |       |       |     4 |     8 |     7 |       |       |       |       ||    19
         Long sword        |       |       |       |   162 |   460 |   592 |   692 |   831 |   682 ||  3419
  Throw: Dart              |    11 |    18 |    46 |    66 |    59 |     6 |    15 |     3 |     3 ||   227
         Boomerang         |       |       |       |    12 |   134 |   139 |   182 |    98 |    71 ||   636
         Javelin           |       |       |       |       |       |    19 |     3 |       |    12 ||    34
         Throwing net      |       |       |       |       |       |       |     1 |     4 |       ||     5
   Cast: Blink             |       |       |       |       |     2 |       |       |       |       ||     2
         Apportation       |       |       |       |       |       |       |     1 |       |     1 ||     2
         Irradiate         |       |       |       |       |       |       |       |     2 |     1 ||     3
 Invoke: Recall Ancestor   |       |       |       |     4 |     1 |     8 |     9 |     5 |    24 ||    51
         Ancestor Life: Ba |       |       |       |     1 |       |       |       |       |       ||     1
         Ancestor Identity |       |       |       |     1 |       |       |       |       |       ||     1
         Idealise          |       |       |       |       |     3 |    17 |    11 |    14 |    15 ||    60
         Transference      |       |       |       |       |       |       |       |     1 |       ||     1
Ability: Hop               |       |       |     3 |     4 |     1 |     2 |     7 |     2 |     4 ||    23
  Evoke: Wand              |       |       |     5 |    16 |     6 |    15 |    23 |     1 |    37 ||   103
         Phial of floods   |       |       |       |     1 |     1 |     2 |     2 |     2 |     3 ||    11
         Lightning rod     |       |       |       |       |     4 |    20 |    14 |    21 |    21 ||    80
         Phantom mirror    |       |       |       |       |     1 |     4 |     4 |     5 |     6 ||    20
         Tin of tremorston |       |       |       |       |       |       |     8 |     7 |     8 ||    23
    Use: Potion            |     1 |     2 |     8 |     2 |     2 |     8 |     6 |     4 |    17 ||    50
         Scroll            |       |     3 |     8 |    25 |     5 |    12 |    14 |    12 |    30 ||   109
   Stab: Sleeping          |     6 |     4 |    11 |     5 |     3 |     1 |     2 |       |       ||    32
         Invisible         |       |       |     5 |       |     3 |     2 |       |       |     4 ||    14
         Distracted        |       |       |       |    10 |    18 |    29 |    29 |    39 |    19 ||   144
         Petrified         |       |       |       |       |     1 |       |     4 |       |       ||     5
         Paralysed         |       |       |       |       |       |     8 |       |       |    18 ||    26
         Fleeing           |       |       |       |       |       |     1 |       |       |       ||     1
         Petrifying        |       |       |       |       |       |       |     1 |       |       ||     1
         Held in net/web   |       |       |       |       |       |       |     1 |       |     1 ||     2
 Armour: Leather armour    |    17 |     7 |       |       |       |       |       |       |       ||    24
         Ring mail         |       |     8 |    81 |    33 |       |       |       |       |       ||   122
         Scale mail        |       |    15 |    29 |       |       |       |       |       |       ||    44
         Chain mail        |       |       |       |   124 |   277 |   351 |   366 |   256 |       ||  1374
         Gold dragon scale |       |       |       |       |       |       |       |    90 |   458 ||   548
  Dodge: Dodged            |    41 |    53 |   157 |   114 |   170 |   311 |   507 |   593 |   385 ||  2331
  Block: Buckler           |       |       |       |   113 |     1 |       |       |       |       ||   114
         Kite shield       |       |       |       |       |   304 |   765 |   636 |   650 |   597 ||  2952
         Reflection        |       |       |       |       |       |    47 |     8 |       |       ||    55

Table legend: (Time is in decaauts)
 A = Elapsed time spent in this place.
 B = Non-inter-level travel time spent in this place.
 C = Inter-level travel time spent in this place.
 D = Time resting spent in this place.
 E = Time spent auto-exploring this place.
 F = Levels seen in this place.
 G = Mean time per level.
                   A        B        C        D        E       F      G
               +--------+--------+--------+--------+--------+-----+--------+
         Total |  89926 |  79323 |  10603 |  10705 |  47973 |  56 | 1605.8 |
       Dungeon |  26648 |  21990 |   4658 |   2918 |  13363 |  15 | 1776.5 |
        Temple |    163 |    144 |     19 |      0 |     70 |   1 |  163.0 |
          Lair |   6718 |   6096 |    622 |    528 |   4039 |   5 | 1343.6 |
        Shoals |   6687 |   6479 |    208 |    459 |   4277 |   4 | 1671.8 |
   Spider Nest |   8801 |   8465 |    336 |   2048 |   4804 |   4 | 2200.2 |
  Orcish Mines |   2681 |   1824 |    857 |    110 |   1226 |   2 | 1340.5 |
   Elven Halls |   5888 |   5509 |    379 |    843 |   3253 |   3 | 1962.7 |
        Vaults |  10739 |   9065 |   1674 |   1107 |   5803 |   5 | 2147.8 |
         Crypt |   4430 |   4143 |    287 |    364 |   2719 |   3 | 1476.7 |
        Depths |   6384 |   5204 |   1180 |    215 |   3756 |   4 | 1596.0 |
           Zot |   6884 |   6505 |    379 |    951 |   3839 |   5 | 1376.8 |
         Sewer |    407 |    407 |      0 |      4 |    120 |   1 |  407.0 |
        Bailey |    769 |    769 |      0 |    186 |    158 |   1 |  769.0 |
      Ice Cave |    758 |    758 |      0 |    402 |     25 |   1 |  758.0 |
       Volcano |    507 |    507 |      0 |     89 |    227 |   1 |  507.0 |
    Desolation |   1457 |   1457 |      0 |    477 |    288 |   1 | 1457.0 |
               +--------+--------+--------+--------+--------+-----+--------+

Top non-repeatable levels by time:
    D:14: 3338 daAuts
Spider:4: 3329 daAuts
     D:8: 3079 daAuts
Vaults:5: 2888 daAuts
     D:7: 2584 daAuts
Spider:3: 2275 daAuts
   Elf:2: 2148 daAuts
Vaults:1: 2146 daAuts
Shoals:3: 2140 daAuts
   Elf:3: 2117 daAuts
Shoals:4: 2111 daAuts
    D:11: 2078 daAuts
Vaults:2: 2060 daAuts
   Orc:2: 1977 daAuts
    D:10: 1977 daAuts
